 Dungeon Crawl Stone Soup version 0.32-a0-872-g59262bdc9b (webtiles) character file.

Game seed: 18305895202121724473

141 Sirkernicus the Sneak (level 5, -4/42 HPs)
             Began as a Coglin Delver on Mar 31, 2024.
             Slain by an ogre
             ... wielding a +0 giant spiked club
              (24 damage)
             ... on level 5 of the Dungeon.
             The game lasted 00:11:56 (1503 turns).

Sirkernicus the Sneak (Coglin Delver)               Turns: 1503, Time: 00:11:57

Health: -4/42      AC:  4    Str: 14    XL:     5   Next: 24%
Magic:  6/6        EV: 11    Int: 11    God:
Gold:   116        SH:  0    Dex: 16    Spells: 6/6 levels left

rFire   . . .        v - +0 broad axe {Zihan}
rCold   . . .        i - +3 dagger {Carmen}
rNeg    . . .        n - +0 leather armour of the Orb {Fly rElec Str+2}
rPois   .            (no helmet)
rElec   +            p - +0 cloak
rCorr   .            (no gloves)
SInv    .            (no boots)
Will    .....        (amulet unavailable)
Stlth   ++           (ring unavailable)
HPRegen 0.27/turn    (ring unavailable)
MPRegen 0.10/turn    (no gizmo)

%: no passive effects
@: flying
A: off-hand wielding, slow wielding, warmup strikes, no jewellery
a: Invent Gizmo


You were on level 5 of the Dungeon.
You visited 1 branch of the dungeon, and saw 6 of its levels.

You collected 116 gold pieces.

Inventory:

Hand Weapons
 a - a +0 falchion {Manelesi}
 i - a +3 dagger (offhand) {Carmen}
 l - a +0 long sword {Ishpreet}
 v - a +0 broad axe (weapon) {Zihan}
Armour
 n - the +0 leather armour of the Orb (worn) {Fly rElec Str+2}
   (You found it on level 2 of the Dungeon)

   Str+2:     It affects your strength (+2).
   rElec:     It insulates you from electricity.
   Fly:       It grants you flight.
 p - a +0 cloak (worn)
Talismans
 w - a serpent talisman
Wands
 g - a wand of digging (3)
Scrolls
 c - a scroll of fog
 d - 2 scrolls of revelation
 e - 2 scrolls of fear
 h - a scroll of teleportation {unknown}
 o - a scroll of amnesia {unknown}
 q - 2 scrolls of silence {unknown}
 u - 3 scrolls of identify {unknown}
Potions
 b - a potion of brilliance {unknown}
 f - 2 potions of haste
 j - a potion of attraction {unknown}
 k - 2 potions of enlightenment {unknown}
 m - a potion of lignification {unknown}
 r - 2 potions of degeneration {unknown}
 s - a potion of ambrosia {unknown}
 t - a potion of resistance {unknown}


   Skills:
 + Level 4.0 Fighting
 + Level 3.2 Long Blades
 + Level 2.9 Dodging
 - Level 4.1 Stealth
 + Level 1.1 Spellcasting


You had 6 spell levels left.
You didn't know any spells.
Your spell library contained the following spells:

 Spells                   Type           Power      Damage    Failure   Level
 Slow                     Hex            0%         N/A       38%         1
 Confusing Touch          Hex            0%         N/A       77%         3
 Vampiric Draining        Necr           0%         2d6       77%         3


Dungeon Overview and Level Annotations

Branches:
Dungeon (6/15)
 Temple: D:4-7

Altars:
Elyvilon
Gozag
Vehumet

Annotations:
D:3 Sigmund
D:5 bigdog255's ghost, novice MDCj


Innate Abilities, Weirdness & Mutations

You can wield a second weapon in your off-hand.
It takes a long time for you to wield or remove held weapons.
Your first few attacks do less damage.
You cannot equip rings or amulets.


Message History

You see here a serpent talisman.
w - a serpent talisman An ogre comes into view.
It is wielding a +0 giant spiked club.
The helpless scorpion fails to defend itself.
You impale the scorpion with your +3 dagger!!
You kill the scorpion!
The ogre shouts!
You hear an angry growl.
Your Fighting skill increases to level 4!
Your Long Blades skill increases to level 3!
Your Spellcasting skill increases to level 1!
You have reached level 5!
Found 13 gold pieces.
An orc comes into view. It is wielding a +0 club.
Found 46 gold pieces and a scale mail.
Found a white marble altar of Elyvilon.
The orc shouts!
A black bear comes into view.
Found a pair of runed boots.
A black bear comes into view.
Found a war axe.
An adder comes into view.
Found 13 gold pieces.
The black bear growls angrily.
Found a potion of haste.
You reach down and open the door.
Found an opulent altar of Gozag.
The ogre attacks as it pursues you!
The ogre hits you with a +0 giant spiked club!!
Ouch! That really hurt!
* * * LOW HITPOINT WARNING * * *
You see here 10 gold pieces.
Found 8 gold pieces.
You see here 8 gold pieces.
You reach down and open the door.
There is an open door here.
There is an open door here.
The ogre attacks as it pursues you! The ogre barely misses you.
The ogre attacks as it pursues you!
The ogre hits you with a +0 giant spiked club!!
Ouch! That really hurt!
You die...

##########.......... #
##....hh.o........[.. #
#..##########........... #
#..# ..... #.......... #
#.o#⌠..... #.....##... #
#..#.._[._. #..#### .# ##
#..'⌠..... +..# ##.# ##.
#..######## #..# #.. ##..
#o.###$$$$###@.# #.# #...
#..##......##.O#####'####...##
#..o##....##....h.......+.## #
#!...#ß..ß#...###h≈...≈.# #
#....h.h!.....# #.≈._.≈.######
#......$..#######o≈.(.≈.##....
#########.#####.'.......+...##
#...$.o.####'####..###
######### #....#.## #


You could see 2 black bears and an ogre.

Vanquished Creatures
  A scorpion (D:5)
  2 adders (D:2)
  A white imp (D:5)
  2 ribbon worms
  4 orcs (D:3)
  6 bats
  3 endoplasms
  A giant cockroach (D:4)
  6 goblins
  4 hobgoblins
  4 quokkas
  4 ball pythons
  3 frilled lizards
  3 kobolds
  2 rats
46 creatures vanquished.

Notes
Turn   | Place    | Note
-------+----------+-------------------------------------------
     0 | D:5      | Sirkernicus the Coglin Delver began the quest for the Orb.
     0 | D:5      | Reached XP level 1. HP: 18/18 MP: 1/1
    49 | D:4      | Noticed a bombardier beetle
   140 | D:4      | Noticed a bombardier beetle
   209 | D:4      | Reached XP level 2. HP: 8/24 MP: 2/2
   397 | D:2      | Identified the +0 leather armour of the Orb {Fly rElec
                  | Str+2}
   412 | D:2      | Reached XP level 3. HP: 29/29 MP: 3/3
  1117 | D:3      | Noticed Sigmund
  1125 | D:3      | Reached XP level 4. HP: 37/37 MP: 4/4
  1400 | D:5      | Noticed bigdog255's ghost (novice MDCj)
  1401 | D:5      | Noticed an ice beast
  1420 | D:5      | Found a radiant altar of Vehumet.
  1436 | D:5      | Noticed a scorpion
  1437 | D:5      | Noticed a scorpion
  1445 | D:5      | Noticed an ogre
  1446 | D:5      | Killed a scorpion
  1447 | D:5      | Reached skill level 1 in Spellcasting
  1447 | D:5      | Reached XP level 5. HP: 37/42 MP: 4/6
  1448 | D:5      | Found a white marble altar of Elyvilon.
  1448 | D:5      | Noticed a black bear
  1454 | D:5      | Noticed a black bear
  1474 | D:5      | Found an opulent altar of Gozag.
  1503 | D:5      | Slain by an ogre

Illustrated notes

Levels and vault maps discovered:
D:1:      mrwooster_arrival_statue, layout_basic
D:2:      layout_basic, minmay_pentomino_t4
D:3:      cheibrodos_old_hovel, layout_basic, grunt_decor_junction,
          uniq_sigmund, uniq_robin, uniq_terence
D:4:      cheibrodos_greedy_goblins, layout_loops_cross
D:5:      layout_rooms, jmf_multi_god_temple,
          mainiacjoe_overflow_six_doors_small, kennysheep_mini_moat,
          cheibrodos_ashenzari_chains, minmay_temple_entry_mist,
          gammafunk_ghost_icy, uniq_menkaure
D:6:      old_forge, layout_layer_cave, gammafunk_ghost_hive, uniq_grinder

Skill      XL: |  1  2  3  4 |
---------------+-------------+-----
Dodging        | 2 |  2.9
Fighting       | 4 |  4.0
Long Blades    | 3 |  3.2
Spellcasting   | 1 |  1.1
Stealth        | |  4.1

Action                     |  1- 3 |  4- 6 || total
---------------------------+-------+-------++-------
  Melee: Falchion          |    21 |       ||    21
         Long sword        |    43 |    16 ||    59
         Dagger            |    21 |    17 ||    38
         Broad axe         |       |     3 ||     3
    Use: Scroll            |     1 |       ||     1
   Stab: Sleeping          |     4 |     2 ||     6
 Armour: Leather armour    |    19 |    18 ||    37
  Dodge: Dodged            |    33 |    21 ||    54

Table legend: (Time is in decaauts)
 A = Elapsed time spent in this place.
 B = Non-inter-level travel time spent in this place.
 C = Inter-level travel time spent in this place.
 D = Time resting spent in this place.
 E = Time spent auto-exploring this place.
 F = Levels seen in this place.
 G = Mean time per level.
                   A        B        C        D        E       F      G
               +--------+--------+--------+--------+--------+-----+--------+
         Total |   1513 |   1499 |     14 |    110 |    503 |   6 |  252.2 |
       Dungeon |   1513 |   1499 |     14 |    110 |    503 |   6 |  252.2 |
               +--------+--------+--------+--------+--------+-----+--------+

Top non-repeatable levels by time:
     D:1: 460 daAuts
     D:4: 430 daAuts
     D:2: 335 daAuts
     D:5: 147 daAuts
     D:3: 137 daAuts
     D:6: 1 daAuts
